Map: Backwater LE

Players

CinDra - Winner!

  • Race: Zerg Zerg
  • League: Silver
  • Spawn Location: 5:00

Rocketeer

  • Race: Zerg Zerg
  • League: Silver
  • Spawn Location: 11:00

VOD

Have the link to the VOD?

Description

Time

  • Played on: Feb. 22, 2018, 1:36 p.m.
  • Length: 11:40
Show
View Real Time Build Order
Export as new Build Order

CinDra Zerg - Winner!

Build Orders: Hatch First 

Get SALT Encoding   

  12  0:02  Drone  
  13  0:14  Overlord  
  13  0:21  Drone  
  14  0:32  Drone x2  
  16  0:37  Drone  
  17  0:57  Hatchery  
  16  1:04  Drone x2  
  18  1:14  Drone  
  19  1:22  Drone  
  19  1:23  Spawning Pool  
  19  1:30  Drone, Extractor  
  19  1:42  Drone  
  20  1:50  Drone  
  21  2:01  Drone  
  22  2:09  Overlord  
  22  2:10  Queen  
  22  2:11  Queen  
  22  2:13  Drone  
  27  2:21  Drone  
  28  2:28  Zergling x2  
  29  2:31  Zergling x2  
  30  2:39  Zergling x2  
  30  2:43  Extractor  
  30  2:53  Metabolic Boost  
  30  2:57  Drone  
  30  2:58  Drone  
  32  2:59  Zergling x4, Roach Warren  
  32  3:02  Overlord  
  33  3:15  Drone x2  
  35  3:44  Pneumatized Carapace  
  35  3:48  Drone x4  
  37  3:49  Drone x3  
  42  4:03  Queen  
  42  4:08  Overlord x2  
  44  4:20  Extractor  
  44  4:22  Drone, Extractor  
  44  4:23  Drone  
  44  4:32  Drone x3  
  44  4:33  Roach x4  
  55  4:50  Hatchery  
  54  4:59  Drone x2  
  56  5:00  Drone x4  
  56  5:06  Overlord x2  
  56  5:07  Overlord x4  
  60  5:12  Lair  
  60  5:36  Drone  
  60  5:37  Drone  
  60  5:41  Roach x2  
  60  5:42  Roach x2  
  70  5:59  Zergling x12  
  76  6:10  Glial Reconstitution  
  76  6:18  Drone  
  76  6:19  Drone x5  
  82  6:34  Drone x5  
  82  6:35  Drone x2  
  89  6:43  Extractor  
  89  6:44  Extractor  
  87  7:04  Evolution Chamber  
  87  7:05  Overlord x2  
  87  7:06  Roach x3  
  87  7:07  Zergling x8, Roach x3, Evolution Chamber  
  87  7:08  Drone  
  102  7:23  Roach x2  
  102  7:24  Roach x3  
  112  7:32  Zerg Missile Weapons Level 1  
  112  7:33  Zerg Ground Armor Level 1  
  110  7:51  Roach x5  
  111  7:52  Roach x5  
  119  8:07  Roach  
  119  8:08  Roach x4  
  119  8:11  Overlord x4  
  129  8:18  Drone  
  130  8:30  Spire  
  129  8:35  Overseer x3  
  129  8:54  Queen x3  
  136  9:08  Hydralisk Den  
  137  9:10  Roach x4  
  137  9:11  Roach x2  
  147  9:40  Hatchery  
  146  9:50  Hydralisk  
  146  9:51  Muscular Augments, Hydralisk x3  
  146  9:52  Overlord x2  
  154  9:53  Overlord x14  
  154  10:13  Hydralisk x8  
  154  10:14  Hydralisk  
  166  10:50  Hydralisk  
  166  10:51  Hydralisk x10  
Show
View Real Time Build Order
Export as new Build Order

Rocketeer Zerg 

Build Orders: Pool First 

Get SALT Encoding   

  12  0:02  Drone  
  13  0:08  Drone  
  14  0:17  Overlord  
  14  0:35  Spawning Pool  
  14  0:39  Drone  
  14  0:41  Drone  
  15  0:46  Drone  
  15  0:49  Extractor  
  15  0:53  Drone  
  16  1:03  Drone  
  17  1:14  Drone  
  18  1:25  Drone  
  19  1:29  Roach Warren  
  19  1:30  Queen  
  20  1:33  Zergling x2  
  21  1:46  Zergling x2  
  22  2:05  Overlord  
  22  2:06  Burrow  
  22  2:38  Roach x3  
  28  2:55  Hatchery  
  27  3:07  Metabolic Boost  
  25  3:42  Roach x2  
  25  3:45  Overlord x2  
  25  3:46  Overlord x2  
  29  3:57  Lair  
  29  4:08  Extractor  
  28  4:18  Queen  
  30  4:29  Spine Crawler  
  29  4:32  Drone x3  
  34  4:45  Roach  
  34  4:46  Roach x2  
  38  4:53  Queen  
  38  4:57  Roach x2  
  38  4:58  Roach  
  38  4:59  Drone  
  48  5:00  Drone  
  48  5:23  Drone x2  
  50  5:38  Spire  
  49  5:59  Extractor  
  49  6:01  Drone x3, Extractor  
  49  6:03  Drone x3  
  53  6:05  Drone x3  
  56  6:17  Overlord  
  56  6:23  Tunneling Claws  
  56  6:33  Drone, Evolution Chamber  
  56  6:37  Evolution Chamber  
  55  6:44  Roach x2  
  59  7:02  Zerg Flyer Weapons Level 1  
  59  7:04  Zerg Ground Armor Level 1  
  59  7:10  Zerg Missile Weapons Level 1  
  59  7:15  Drone  
  60  7:17  Drone  
  61  7:30  Drone x3  
  61  7:33  Drone  
  61  7:35  Roach x10  
  65  7:49  Roach x9  
  57  8:17  Mutalisk x4  
  57  8:18  Mutalisk  
  67  8:34  Glial Reconstitution  
  67  8:46  Infestation Pit  
  66  8:54  Hatchery  
  65  9:01  Ravager x3  
  65  9:02  Ravager  
  69  9:05  Zerg Ground Armor Level 2  
  69  9:07  Zerg Missile Weapons Level 2  
  69  9:26  Pathogen Glands  
  69  9:31  Zerg Flyer Armor Level 1  
  69  9:36  Roach x2, Extractor  
  69  9:37  Zergling x2, Extractor  
  69  9:38  Zergling x8  
  76  9:44  Overlord  
  74  10:38  Roach x6  
  74  10:41  Ravager x4  
  90  10:44  Overlord x3  
  47  11:06  Roach  
  47  11:07  Roach x4  
  57  11:17  Spine Crawler  
  56  11:20  Spine Crawler  
Tags
 
Add a new tag
Caveats
  • Supply blocks, unpowered buildings, or Contaminate may cause inaccurate times.
  • Supply counts are checked every 10 seconds.